 Dungeon Sprint DCSS version 0.16.2-14-gc338ae411c (webtiles) character file.

63 MordorOrchid the Sneak (level 3, -3/19 HPs)
             Began as a Spriggan Enchanter on Mar 15, 2020.
             Slain by a shadow imp (4 damage)
             ... while paralysed
             ... in the Dungeon (Sprint IX: "|||||||||||||||||||||||||||||").
             The game lasted 00:00:51 (68 turns).

MordorOrchid the Sneak (Spriggan Enchanter)           Turns: 68, Time: 00:00:51

Health: -3/19      AC:  3    Str:  4    XL:     3   Next: 89%
Magic:  6/12       EV:  4    Int: 17    God:
Gold:   0          SH:  0    Dex: 16    Spells: 1 memorised, 9 levels left

rFire  . . .     SeeInvis +     a - +1 dagger
rCold  . . .     Clarity  .     b - +1 robe
rNeg   . . .     SustAb   .     (shield restricted)
rPois  .         Gourm    .     (helmet restricted)
rElec  .         Spirit   .     (no cloak)
rCorr  .         Warding  .     (gloves unavailable)
rMut   .         NoTele   +     (boots unavailable)
MR     .....                    (no amulet)
Stlth  ++++......               (no ring)
                                (no ring)

@: paralysed, exhausted, very slightly contaminated, hasted and slowed, very
quick, not resistant to hostile enchantments, stealthy
A: unfitting armour, see invisible, herbivore 3, speed 3, slow metabolism 2
a: no special abilities


You were in the Dungeon.
You were not hungry.

You visited 1 branch

Inventory:

Hand weapons
 a - a +1 dagger (weapon)
Armour
 b - a +1 robe (worn)
Scrolls
 j - a scroll of blinking
Potions
 e - a potion of curing
 f - a potion of heal wounds
 h - 2 potions of magic
Books
 c - a book of Maledictions

   Spells                             Type                      Level
   a - Corona                         Hexes                        1
   b - Sure Blade                     Hexes/Charms                 2
   c - Ensorcelled Hibernation        Hexes/Ice                    2
   d - Confuse                        Hexes                        3
   e - Dazzling Spray                 Conjuration/Hexes            3
   f - Enslavement                    Hexes                        4
Comestibles
 d - a bread ration


   Skills:
 * Level 2.4 Fighting
 * Level 3.3 Short Blades
 * Level 4.4 Dodging
 + Level 7.2 Stealth
 * Level 4.4 Spellcasting
 + Level 5.2 Hexes


You had 9 spell levels left.
You knew the following spells:

 Your Spells              Type           Power        Failure   Level  Hunger
a - Corona                Hex            ###....      1%          1    None


Dungeon Overview and Level Annotations

Branches:
Dungeon (1/1)

Altars:


Innate Abilities, Weirdness & Mutations

You are tiny and cannot use many weapons and most armour.
You have supernaturally acute eyesight.
You are a herbivore.
You cover ground extremely quickly.
You need consume almost no food.


Message History

The crimson imp is severely wounded.
The shadow imp disappears for a moment.
The rat zombie misses you.
You puncture the crimson imp!
You kill the crimson imp!
Your Fighting skill increases to level 2!
Your Short Blades skill increases to level 3!
Your Dodging skill increases to level 4!
Your Stealth skill increases to level 7!
Your Spellcasting skill increases to level 4!
Your Hexes skill increases to level 5!
The shadow imp gestures at you. Pain shoots through your body!
* * * LOW HITPOINT WARNING * * *
Unknown command.
You are no longer berserk.
You pass out from exhaustion.
You feel as though you will be slow longer.
The shadow imp hits you.
You die... ▓▓▓▓▓▓▓▓▓▓▓▓▓▓▓▓▓▓▓ +.a5@Z).....'....<▓ ▓▓▓▓▓▓▓▓▓▓▓▓▓▓▓▓▓▓▓

You could see a worker ant, a shadow imp and a rat zombie.

Vanquished Creatures
  A crimson imp (D)
  An orc wizard (D)
  A ball python (D)
  2 bats (D)
  3 rats (D)
8 creatures vanquished.

Vanquished Creatures (others)
  A spatial maelstrom (D)
1 creature vanquished.

Grand Total: 9 creatures vanquished

Notes
Turn   | Place    | Note
--------------------------------------------------------------
     0 | D        | MordorOrchid, the Spriggan Enchanter, began the quest for the Orb.
     0 | D        | Reached XP level 1. HP: 9/9 MP: 4/4
     8 | D        | Banished a spatial maelstrom
     9 | D        | Reached skill level 5 in Stealth
    12 | D        | Reached skill level 1 in Fighting
    48 | D        | Noticed a worker ant
    48 | D        | Noticed a crimson imp
    48 | D        | Noticed an orc wizard
    62 | D        | Killed an orc wizard
    62 | D        | Reached skill level 6 in Stealth
    62 | D        | Reached XP level 2. HP: 12/15 MP: 4/8
    62 | D        | Reached XP level 3. HP: 14/18 MP: 5/11
    67 | D        | Killed a crimson imp
    67 | D        | Reached skill level 7 in Stealth
    67 | D        | Reached skill level 5 in Hexes
    67 | D        | HP: 1/28 [shadow imp/nerve-wracking pain (9)]
    68 | D        | Slain by a shadow imp

Action                   || total
-------------------------++-------
Melee: Dagger            ||    19
 Cast: Corona            ||     1
  Use: Potion            ||     2
 Stab: Sleeping          ||     4
